 Dungeon Crawl Stone Soup version 0.31-a0-1178-gc5c9b8f871 (webtiles) character file.

Game seed: 162264830733428721

142 qw the Shooter (level 5, -2/32 HPs)
             Began as a Gargoyle Hunter on Dec 11, 2023.
             Slain by a gnoll
             ... wielding a +0 spear
              (3 damage)
             ... on level 3 of the Dungeon.
             The game lasted 00:00:51 (2108 turns).

qw the Shooter (Gargoyle Hunter)                    Turns: 2108, Time: 00:00:52

Health: -2/32      AC:  9    Str: 14    XL:     5   Next: 25%
Magic:  5/5        EV: 10    Int: 10    God:
Gold:   123        SH:  0    Dex: 15    Spells: 4/4 levels left

rFire   . . .        a - +0 shortbow
rCold   . . .        (shield currently unavailable)
rNeg    + . .        d - +0 ring mail
rPois   inf          (no helmet)
rElec   +            (no cloak)
rCorr   .            (no gloves)
SInv    .            (no boots)
Will    .....        (no amulet)
Stlth   +            (no ring)
HPRegen 1.05/turn    (no ring)
MPRegen 0.09/turn

%: no passive effects
@: brilliant, hasted, very quick
A: sickness immunity, AC +4, negative energy resistance 1, electricity
resistance, torment resistance 1, petrification resistance, regeneration 1
a: no special abilities


You were on level 3 of the Dungeon.
You visited 1 branch of the dungeon, and saw 3 of its levels.

You collected 123 gold pieces.


Innate Abilities, Weirdness & Mutations

You are immune to sickness and miasma.
Your stone body is resilient. (AC +4)
You are immune to poison.
You resist negative energy. (rN+)
You are resistant to electric shocks. (rElec)
You are resistant to unholy torment.
You are immune to petrification.
Your natural rate of healing is unusually fast.


   Skills:
 - Level 3.1 Fighting
 + Level 5.8 Ranged Weapons
 - Level 1.1 Armour
 - Level 1.5 Dodging
 - Level 1.1 Stealth


You had 4 spell levels left.
You didn't know any spells.
Your spell library was empty.

Inventory:

Hand Weapons
 a - a +0 shortbow (weapon)
Armour
 d - a +0 ring mail (worn)
Scrolls
 b - a scroll of identify
 c - a scroll of noise {unknown}
Potions
 g - a potion of mutation
 i - 2 potions of curing

Dungeon Overview and Level Annotations

Branches:
Dungeon (3/15)

Altars:


Message History

The gnoll hits you from afar with a +0 spear.
You shoot an arrow. The arrow closely misses the gnoll.
The arrow hits the gnoll but does no damage.
The quokka bites you but does no damage.
The gnoll closely misses you. The gnoll barely misses you.
You shoot an arrow. The arrow hits the gnoll.
You kill the gnoll!
The quokka bites you. The gnoll hits you but does no damage.
The quokka bites you but does no damage.
You shoot an arrow.
The arrow hits the gnoll but does no damage.
The gnoll hits you from afar with a +0 spear.
The gnoll barely misses you. The quokka bites you.
2103 ||| DRINKING yellow potion.
It was a potion of brilliance.
You feel clever all of a sudden.
The gnoll hits you from afar with a +0 spear.
The gnoll barely misses you.
The quokka bites you but does no damage.
2104 ||| DRINKING pink potion.
It was a potion of haste.
You feel yourself speed up.
The quokka bites you but does no damage.
The gnoll closely misses you. The gnoll barely misses you.
You shoot an arrow.
The arrow hits the gnoll but does no damage.
The quokka bites you but does no damage.
The gnoll hits you but does no damage. The gnoll hits you with a +0 flail.
You shoot an arrow. The arrow hits the gnoll!
The gnoll is severely wounded.
The quokka barely misses you. The gnoll misses you.
The gnoll hits you but does no damage.
You shoot an arrow.
The arrow hits the gnoll but does no damage.
The gnoll is severely wounded.
The quokka closely misses you. The gnoll closely misses you.
The gnoll hits you with a +0 flail.
You shoot an arrow. The arrow hits the gnoll.
You kill the gnoll!
The quokka bites you but does no damage.
The gnoll hits you from afar with a +0 spear.
You die...

### ..# #.# #.#### ...
####....# ...####
#.......####.
.......###............
.......>.+....@)......
.........#....#rg.....
............#.........
............###.......
..............'.......
......).###.###.......
...####.# #.#######...
. #.# #......# #'#
##.###......#


You could see a gnoll and a quokka.

Vanquished Creatures
  2 adders
  5 gnolls
  A worm (D:2)
  7 orcs (D:3)
  4 endoplasms
  3 giant cockroaches
  6 goblins
  9 hobgoblins
  6 jackals (D:1)
  3 quokkas
  8 ball pythons
  2 bats (D:1)
  2 frilled lizards (D:2)
  9 kobolds
  7 rats
74 creatures vanquished.

Notes
Turn   | Place    | Note
-------+----------+-------------------------------------------
     0 | D:1      | qw the Gargoyle Hunter began the quest for the Orb.
     0 | D:1      | Reached XP level 1. HP: 12/12 MP: 1/1
     0 | D:1      | 0 ||| qw: Version: 0.3-a-106-g2cfff9e
     0 | D:1      | 0 ||| qw: Game counter: 2022
     0 | D:1      | 0 ||| qw: Melee chars always use a shield: true
     0 | D:1      | 0 ||| qw: God list: Okawaru
     0 | D:1      | 0 ||| qw: Allow faded altars: false
     0 | D:1      | 0 ||| qw: Do Orc after clearing Dungeon:15 true
     0 | D:1      | 0 ||| qw: Do second Lair branch before Depths: true
     0 | D:1      | 0 ||| qw: Lair rune preference: random
     0 | D:1      | 0 ||| qw: Goals: Normal, Save, Zot:1-4, Win
     0 | D:1      | 0 ||| PLANNING D:1-11
    68 | D:1      | Reached XP level 2. HP: 17/17 MP: 2/2
   259 | D:1      | Reached XP level 3. HP: 21/21 MP: 3/3
   270 | D:1      | Reached skill level 5 in Ranged Weapons
   549 | D:1      | 549 ||| UPGRADING to +0 ring mail.
   559 | D:1      | 559 ||| DROPPING +0 leather armour.
   560 | D:1      | 560 ||| READING scroll labelled OMYNOP KOWIST.
   560 | D:1      | 560 ||| IDENTIFYING viscous white potion
   561 | D:1      | 561 ||| READING scroll labelled GAXKOL NIOD.
   662 | D:1      | 662 ||| READING scroll labelled NOEDWI ONASAE.
   666 | D:1      | 666 ||| DRINKING 2 green potions.
   667 | D:1      | 667 ||| DROPPING scroll of butterflies.
   668 | D:1      | 668 ||| DROPPING potion of lignification.
   986 | D:2      | Reached skill level 1 in Armour
  1104 | D:2      | Reached XP level 4. HP: 27/27 MP: 4/4
  1110 | D:2      | Reached skill level 3 in Fighting
  1507 | D:2      | You fall into a shaft and drop 1 floor!
  1508 | D:3      | 1508 ||| DRINKING 2 murky orange potions.
  1508 | D:3      | Gained mutation: Your natural rate of healing is unusually
                  | fast. [potion of mutation]
  1800 | D:3      | Reached XP level 5. HP: 32/32 MP: 5/5
  2102 | D:3      | HP: 8/32 [gnoll/+0 spear (4)]
  2103 | D:3      | 2103 ||| DRINKING yellow potion.
  2104 | D:3      | 2104 ||| DRINKING pink potion.
  2107 | D:3      | HP: 1/32 [gnoll/+0 flail (6)]
  2108 | D:3      | Slain by a gnoll

Levels and vault maps discovered:
D:1:      kennysheep_arrival_forest, layout_basic, reono_crystal_passage,
          minmay_small_reverse_x
D:2:      layout_loops_corners
D:3:      layout_basic, nicolae_yredelemnul_ghost_church

Skill      XL: |  1  2  3  4 |
---------------+-------------+-----
Ranged Weapons | 5 |  5.8
Armour         | 1 |  1.1
Fighting       | 3 |  3.1
Dodging        | |  1.5
Stealth        | |  1.1

Action                     |  1- 3 |  4- 6 || total
---------------------------+-------+-------++-------
   Fire: Shortbow          |   103 |   122 ||   225
    Use: Scroll            |     3 |       ||     3
         Potion            |     1 |     3 ||     4
 Armour: Leather armour    |     7 |       ||     7
         Ring mail         |     3 |    69 ||    72
  Dodge: Dodged            |    10 |    47 ||    57

Table legend:
 A = Non-vault XP
 B = Vault XP
 C = Vault XP percentage of total XP
 D = Non-vault monster count
 E = Vault monster count
 F = Vault count percentage of total count
                 A         B        C        D         E       F
            +---------+---------+-------+---------+---------+-------
      Total |     212 |       6 |   2.8 |      70 |       4 |   5.4
            +---------+---------+-------+---------+---------+-------
        D:1 |      45 |       6 |  11.8 |      28 |       4 |  12.5
        D:2 |      87 |       0 |   0.0 |      21 |       0 |   0.0
        D:3 |      80 |       0 |   0.0 |      21 |       0 |   0.0
            +---------+---------+-------+---------+---------+-------
